 Dungeon Crawl Stone Soup version 0.22.1-2-g9c5b331 (webtiles) character file.

3133 rafellus the Geomancer (level 9, -17/54 HPs)
             Began as a Gargoyle Earth Elementalist on Dec 1, 2018.
             Was a Priest of Vehumet.
             Killed from afar by an orc sorcerer (36 damage)
             ... with a bolt of fire
             ... while paralysed by an orc sorcerer
             ... in a bailey on Dec 7, 2018.
             The game lasted 00:50:19 (6791 turns).

rafellus the Geomancer (GrEE)                       Turns: 6791, Time: 00:50:20

Health: -17/54     AC: 13    Str: 13    XL:     9   Next: 92%
Magic:  5/18       EV:  2    Int: 18    God:    Vehumet [***...]
Gold:   82         SH:  0    Dex: 10    Spells: 11/20 levels left

rFire    . . .     SeeInvis .   n - +0 mace
rCold    . . .     Gourm    .   G - +3 buckler of Liberalism {+Fly rElec rN++ MR-}
rNeg     + + +     Faith    .   c - +0 robe
rPois    ∞         Spirit   .   (no helmet)
rElec    +         Reflect  .   r - +0 cloak
rCorr    .         Harm     .   A - +0 pair of gloves
MR       .....                  l - +2 pair of boots
Stlth    ++........             (no amulet)
HPRegen  0.18/turn              (no ring)
MPRegen  0.16/turn              (no ring)

@: paralysed
A: negative energy resistance 1, electricity resistance, unbreathing,
petrification resistance, rot immunity, AC +6
a: Renounce Religion, Evoke Flight


You were in a bailey.
You worshipped Vehumet.
Vehumet was most pleased with you.
You were very hungry.

You visited 2 branches of the dungeon, and saw 8 of its levels.
You also visited: Ossuary and Bailey.

You collected 263 gold pieces.
You spent 181 gold pieces at shops.

Inventory:

Hand Weapons
 n - a +0 mace (weapon)
 q - a +2 quarterstaff of chaos
Missiles
 b - 172 stones (quivered)
Armour
 c - a +0 robe (worn)
 e - a +0 buckler
 l - a +2 pair of boots (worn)
 r - a +0 cloak (worn)
 v - a +0 hat
 A - a +0 pair of gloves (worn)
 G - the +3 buckler of Liberalism (worn) {+Fly rElec rN++ MR-}
   (You found it on level 5 of the Dungeon)

   It insulates you from electricity.
   It greatly protects you from negative energy.
   It affects your resistance to hostile enchantments.
   It lets you fly.
 H - a +0 shield
Wands
 C - a wand of flame (30)
Scrolls
 a - 2 scrolls of enchant armour
 f - 3 scrolls of fog
 g - 6 scrolls of teleportation
 j - 3 scrolls of identify
 m - 2 scrolls of magic mapping
 w - 3 scrolls of amnesia {unknown}
 x - 9 scrolls of remove curse
 y - 2 scrolls of enchant weapon
 D - a scroll of fear {unknown}
 I - a scroll of immolation {unknown}
 J - a scroll of noise {unknown}
Potions
 h - 2 potions of cancellation
 i - 2 potions of ambrosia
 k - a potion of magic {unknown}
 o - 2 potions of agility {unknown}
 p - 3 potions of curing {unknown}
 s - 4 potions of flight
 t - 3 potions of heal wounds
 u - 3 potions of mutation
 B - 2 potions of resistance {unknown}
 E - a potion of berserk rage {unknown}
 F - 3 potions of haste {unknown}
Comestibles
 d - 9 rations
 z - 8 chunks of flesh


   Skills:
 + Level 5.0 Fighting
 - Level 3.5 Staves
 + Level 3.5 Dodging
 - Level 2.1 Stealth
 + Level 3.9 Shields
 + Level 6.0 Spellcasting
 + Level 6.3 Conjurations
   Level 0.7 Transmutations
 + Level 8.4 Earth Magic
 + Level 0.3 Evocations


You had 11 spell levels left.
You knew the following spells:

 Your Spells              Type           Power        Failure   Level  Hunger
a - Sandblast             Erth           #####.       1%          1    None
b - Stone Arrow           Conj/Erth      ####..       1%          3    ##.....
c - Lee's Rapid Deconstr  Erth           #####.....   3%          5    #####..

Your spell library contained the following spells:

 Spells                   Type           Power        Failure   Level  Hunger
 Olgreb's Toxic Radiance  Pois           #.......     28%         4    ####...
 Passwall                 Tmut/Erth      ###.....     2%          2    None
 Animate Skeleton         Necr           N/A          12%         1    None
 Apportation              Tloc           #.....       12%         1    None
 Confusing Touch          Hex            #.....       12%         1    None
 Pain                     Necr           #...         12%         1    None
 Summon Small Mammal      Summ           #...         12%         1    None
 Petrify                  Tmut/Erth      ###.....     19%         4    ####...
 Regeneration             Chrm/Necr      #.........   34%         3    ##.....
 Vampiric Draining        Necr           #.........   34%         3    ##.....
 Animate Dead             Necr           N/A          75%         4    ####...


Dungeon Overview and Level Annotations

Branches:
Dungeon (7/15)             Temple (1/1) D:4

Altars:
Ashenzari
Cheibriados
Dithmenos
Elyvilon
Fedhas
Gozag
Hepliaklqana
Kikubaaqudgha
Makhleb
Nemelex Xobeh
Okawaru
Qazlal
Ru
Sif Muna
Trog
Uskayaw
Vehumet
Wu Jian
Xom
Yredelemnul
The Shining One

Shops:
D:5 *   D:6 *   D:7 }

Annotations:
D:6 The shop have scrolls
D:7 Shop sell strong Evocations


Innate Abilities, Weirdness & Mutations

You are resistant to torment.
Your stone body is resilient. (AC +6)
You are immune to poison.
You resist negative energy. (rN+)
You are resistant to electric shocks. (rElec)
You can survive without breathing.
You are immune to petrification.
You are immune to rotting.


Message History

The orc sorcerer is almost dead.
b - 172 stones The orc sorcerer gestures at you while chanting.
The bolt of negative energy misses you. The hellwing hits you.
The hellwing hits you but does no damage.
You block the orange demon's attack.
The hellwing disappears in a puff of smoke!
The orc sorcerer shouts, "You are history!"
The orc sorcerer gestures at you while chanting.
The bolt of negative energy hits you! You resist.
The orange demon disappears in a puff of smoke!
The orc sorcerer gestures at you while chanting.
You suddenly lose the ability to move!
The orc sorcerer gestures wildly while chanting.
The orc sorcerer points at you and mumbles some strange words.
The bolt of negative energy hits you! You resist.
The orc sorcerer points at you and mumbles some strange words.
The bolt of fire hits you!
Ouch! That really hurt!
You die...

##### #.∩.# ###...###
#.......# #...@...#
#.......# #...og..#
########..o....########
≈≈≈≈≈≈≈....oo...≈≈≈≈≈≈≈
≈≈≈≈≈≈≈≈≈≈oo.≈≈≈≈≈≈≈≈≈≈
≈≈≈≈≈≈≈≈≈≈...≈≈≈≈≈≈≈≈≈≈
≈≈≈≈≈≈≈≈≈≈.).≈≈≈≈≈≈≈≈≈≈
≈≈≈≈≈≈≈≈≈≈)).≈≈≈≈≈≈≈≈≈≈


You could see 2 orc sorcerers, 2 orc warriors, 2 orcs and a hobgoblin.

Vanquished Creatures
  The ghost of AlfredoSauce the Destroyer, a novice DEFE of Sif Muna (D:5)
  An orc warrior (D:6)
  2 sky beasts (D:6)
  A black bear (D:7)
  3 ice beasts (D:5)
  2 ogres
  3 phantoms
  2 centaurs
  3 bullfrogs
  3 killer bees (D:7)
  A howler monkey (D:6)
  An electric eel (Bailey)
  2 crimson imps (D:6)
  3 hounds
  A centaur zombie (D:5)
  2 human zombies (Ossuary)
  A bullfrog skeleton (D:6)
  A jelly (D:5)
  4 orc priests
  3 orc wizards
  Crazy Yiuf (D:2)
  2 iguanas (D:5)
  Terence (D:2)
  9 worker ants
  Natasha (thrice) (D:2)
  2 big kobold zombies (Ossuary)
  2 mummies (Ossuary)
  A worker ant zombie (D:5)
  3 gnolls (Bailey)
  7 adders
  2 shadow imps (D:6)
  5 adder zombies
  2 worms
  5 dart slugs
  6 leopard geckos
  21 orcs
  A ball python (D:4)
  4 giant cockroaches
  13 goblins
  11 hobgoblins
  12 jackals
  11 kobolds
  2 quokkas
  11 bats
  10 frilled lizards
  2 goblin zombies (Ossuary)
  11 hobgoblin zombies
  7 kobold zombies (Ossuary)
  8 orc zombies (Ossuary)
  5 rats
  A rat zombie (Ossuary)
221 creatures vanquished.

Vanquished Creatures (others)
  A fungus (D:2)
1 creature vanquished.

Grand Total: 222 creatures vanquished

Notes
Turn   | Place    | Note
-------+----------+-------------------------------------------
     0 | D:1      | rafellus the Gargoyle Earth Elementalist began the quest
                  | for the Orb.
     0 | D:1      | Reached XP level 1. HP: 10/10 MP: 3/3
   124 | D:1      | Reached XP level 2. HP: 15/15 MP: 1/5
   140 | D:1      | Reached skill level 4 in Earth Magic
   395 | D:1      | Reached XP level 3. HP: 14/19 MP: 6/6
   542 | D:1      | Learned a level 3 spell: Stone Arrow
  1224 | D:2      | Reached skill level 1 in Conjurations
  1224 | D:2      | Reached XP level 4. HP: 13/24 MP: 2/8
  1371 | D:2      | Found a runed door.
  1493 | D:2      | Noticed Crazy Yiuf
  1498 | D:2      | Killed Crazy Yiuf
  1498 | D:2      | Reached skill level 5 in Earth Magic
  1498 | D:2      | Reached XP level 5. HP: 13/28 MP: 3/9
  1527 | D:2      | Found a faded altar of an unknown god.
  1534 | D:2      | Noticed Natasha
  1551 | D:2      | Killed Natasha
  1573 | D:2      | Noticed Natasha
  1583 | D:2      | Killed Natasha
  1807 | D:2      | Noticed Natasha
  1881 | D:2      | Killed Natasha
  2114 | D:2      | Noticed Terence
  2124 | D:2      | Killed Terence
  2124 | D:2      | Reached XP level 6. HP: 29/32 MP: 11/11
  2257 | D:3      | Learned a level 5 spell: Lee's Rapid Deconstruction
  2711 | D:4      | Found a staircase to the Ecumenical Temple.
  2720 | Temple   | Entered the Ecumenical Temple
  2771 | Temple   | Became a worshipper of Vehumet
  2884 | D:4      | Found a glowing golden altar of the Shining One.
  2967 | D:4      | Reached skill level 6 in Earth Magic
  3013 | D:4      | Noticed a phantom
  3041 | D:4      | Killed a phantom
  3041 | D:4      | Reached XP level 7. HP: 9/36 MP: 10/13
  3765 | D:5      | Entered Level 5 of the Dungeon
  3773 | D:5      | Reached skill level 1 in Fighting
  3848 | D:5      | Found a runed door.
  3848 | D:5      | Noticed AlfredoSauce's ghost (novice DEFE)
  3909 | D:5      | Killed AlfredoSauce's ghost
  3909 | D:5      | Reached skill level 7 in Earth Magic
  3909 | D:5      | Reached XP level 8. HP: 32/45 MP: 13/15
  4070 | D:5      | Reached skill level 5 in Spellcasting
  4371 | D:5      | Reached * piety under Vehumet
  4371 | D:5      | Offered knowledge of Freeze by Vehumet.
  4371 | D:5      | Reached skill level 1 in Staves
  4371 | D:5      | Reached skill level 1 in Shields
  4389 | D:5      | Reached skill level 5 in Conjurations
  4597 | D:5      | Got an encrusted buckler
  4606 | D:5      | Identified the +3 buckler of Liberalism {+Fly rElec rN++
                  | MR-} (You found it on level 5 of the Dungeon)
  4674 | D:5      | Found an ancient bone altar of Kikubaaqudgha.
  4709 | D:5      | Found Aquimibo's General Store.
  4723 | D:5      | Bought a scroll of magic mapping for 45 gold pieces
  4723 | D:5      | Bought a scroll of remove curse for 39 gold pieces
  4723 | D:5      | Bought a scroll of enchant weapon for 97 gold pieces
  5087 | D:6      | Reached XP level 9. HP: 46/52 MP: 17/17
  5301 | D:6      | Found a sand-covered staircase.
  5306 | D:6      | Offered knowledge of Magic Dart by Vehumet.
  5312 | Ossuary  | Entered an ossuary
  5327 | Ossuary  | Reached ** piety under Vehumet
  5597 | Ossuary  | Offered knowledge of Searing Ray by Vehumet.
  5895 | D:6      | Found Amadiokk's General Store.
  5897 | D:6      | Reached skill level 8 in Earth Magic
  5933 | D:6      | Reached *** piety under Vehumet
  6449 | D:7      | Found a hazy altar of Hepliaklqana.
  6451 | D:7      | Found a shattered altar of Ashenzari.
  6492 | D:7      | Offered knowledge of Olgreb's Toxic Radiance by Vehumet.
  6589 | D:7      | Found Xetoyrag's Gadget Shop.
  6659 | D:7      | Found a flagged portal.
  6679 | Bailey   | Entered a bailey
  6718 | Bailey   | Reached skill level 5 in Fighting
  6754 | Bailey   | Found an iron altar of Okawaru.
  6754 | Bailey   | Noticed an orc sorcerer
  6754 | Bailey   | Noticed an orc sorcerer
  6756 | Bailey   | Paralysed by an orc sorcerer for 7 turns
  6768 | Bailey   | Noticed a hellwing
  6772 | Bailey   | Noticed an orange demon
  6789 | Bailey   | Paralysed by an orc sorcerer for 5 turns
  6791 | Bailey   | Killed from afar by an orc sorcerer

Skill      XL: |  1  2  3  4  5  6  7  8  9 |
---------------+----------------------------+-----
Earth Magic    | 4 5 6 7 8 |  8.4
Spellcasting   | 3 4 5 6 |  6.0
Conjurations   | 1 2 3 4 5 6 |  6.3
Fighting       | 2 3 5 |  5.0
Staves         | 2 3 |  3.5
Dodging        | 2 3 |  3.5
Shields        | 2 3 |  3.9
Stealth        | |  2.1
Transmutations | |  0.7
Evocations     | |  0.3

Action                   |  1- 3 |  4- 6 |  7- 9 || total
-------------------------+-------+-------+-------++-------
Melee: Short sword       |    64 |       |       ||    64
       Mace              |     3 |    25 |   289 ||   317
       Quarterstaff      |       |   137 |    92 ||   229
 Cast: Sandblast         |    15 |    16 |   128 ||   159
       Stone Arrow       |       |       |     6 ||     6
       Lee's Rapid Decon |       |       |     9 ||     9
 Abil: Evoke Flight      |       |       |     1 ||     1
  Use: Scroll            |       |     3 |     6 ||     9
 Stab: Sleeping          |     4 |       |     2 ||     6
       Petrified         |       |       |     1 ||     1
  Eat: Chunk             |       |     7 |    16 ||    23
Armor: Robe              |    37 |    66 |   207 ||   310
Dodge: Dodged            |    85 |   140 |   264 ||   489
Block: Buckler           |       |       |   122 ||   122
